 Dungeon Crawl Stone Soup version 0.31-a0-841-g038b102fc3 (webtiles) character file.

Game seed: 17131879054202550280

597 Kurtz the Chopper (level 7, -10/41 HPs)
             Began as an Octopode Fighter on Sept 27, 2023.
             Was a Follower of Okawaru.
             Mangled by an ice beast (13 damage)
             ... on level 5 of the Dungeon.
             The game lasted 00:02:38 (2906 turns).

Kurtz the Chopper (Octopode Fighter)                Turns: 2906, Time: 00:02:38

Health: -10/41     AC:  1    Str: 17    XL:     7   Next: 40%
Magic:  7/7        EV: 13    Int: 14    God:    Okawaru [*.....]
Gold:   203        SH:  4    Dex: 10    Spells: 6/6 levels left

rFire   . . .        a - +0 war axe
rCold   . . .        b - +0 buckler
rNeg    . . .        (helmet restricted)
rPois   .            (no amulet)
rElec   .            (no ring)
rCorr   .            (no ring)
SInv    .            (no ring)
Will    .....        (no ring)
Stlth   ++           (no ring)
HPRegen 0.26/turn    (no ring)
MPRegen 0.10/turn    (no ring)
                     (no ring)

%: random rage (3%)
@: no status effects
A: almost no armour, amphibious, 8 rings, camouflage 1, gelatinous body 1,
(nimble swimmer 1), tentacles, berserk 1, clever 1, frail 1
a: Renounce Religion, Heroism


You were on level 5 of the Dungeon.
You worshipped Okawaru.
Okawaru was aware of your devotion.
You visited 2 branches of the dungeon, and saw 6 of its levels.

You collected 203 gold pieces.

Inventory:

Hand Weapons
 a - a +0 war axe (weapon)
Armour
 b - a +0 buckler (worn)
Wands
 n - a wand of roots (7)
Scrolls
 e - a scroll of poison {unknown}
 f - 4 scrolls of identify {unknown}
 j - a scroll of fog {unknown}
 l - a scroll of immolation {unknown}
 m - 2 scrolls of teleportation {unknown}
 o - 2 scrolls of fear {unknown}
 r - a scroll of revelation {unknown}
Potions
 c - 2 potions of might
 d - 2 potions of berserk rage {unknown}
 h - a potion of magic {unknown}
 i - a potion of lignification {unknown}
 k - a potion of attraction {unknown}
 p - a potion of curing {unknown}
 q - a potion of degeneration {unknown}


   Skills:
 * Level 3.5 Fighting
 * Level 7.3 Axes
 - Level 3.0 Dodging
 * Level 3.4 Shields
 * Level 1.1 Invocations


You had 6 spell levels left.
You didn't know any spells.
Your spell library contained the following spells:

 Spells                   Type           Power      Damage    Failure   Level
 Summon Small Mammal      Summ           Unusable   N/A       N/A         1
 Call Canine Familiar     Summ           Unusable   N/A       N/A         3
 Summon Guardian Golem    Hex/Summ       Unusable   N/A       N/A         3

Dungeon Overview and Level Annotations

Branches:
Dungeon (5/15)             Temple (1/1) D:4

Altars:
Ashenzari
Dithmenos
Elyvilon
Fedhas
Gozag
Hepliaklqana
Kikubaaqudgha
Makhleb
Nemelex Xobeh
Okawaru
Ru
Sif Muna
Trog
Uskayaw
Xom
Yredelemnul
Zin


Innate Abilities, Weirdness & Mutations

You cannot wear most types of armour.
You are amphibious.
You can wear up to eight rings at the same time.
Your skin changes colour to match your surroundings (Stealth+).
Your rubbery body absorbs attacks. (AC +1, EV +1)
((You are camouflaged when in or above water. (Stealth+)))
You have tentacles for arms and can constrict up to eight enemies at once.
You sometimes lose your temper in combat.
Your mind is acute. (Int +4, Str/Dex -1)
You are frail. (-10% HP)


Message History

You kill the hound!
Okawaru accepts your kill.
You slash the ice beast!
The ice beast is moderately wounded.
A white imp comes into view.
The ice beast misses you.
The white imp shouts, "Scamper away, thou villainous bat-fowling slime mould!"
You hit the ice beast but do no damage.
The ice beast is moderately wounded.
The ice beast misses you.
You closely miss the ice beast.
The ice beast is moderately wounded.
The ice beast closely misses you. The ice beast hits you.
The ice beast freezes you!
You hit the ice beast.
The ice beast is heavily wounded.
The ice beast closely misses you.
You hit the ice beast.
The ice beast is severely wounded.
The ice beast hits you. The ice beast freezes you.
You are too injured to fight recklessly!
You are too injured to fight recklessly!
You closely miss the ice beast. Your squeeze misses the ice beast.
The ice beast is severely wounded.
The ice beast barely misses you.
You hit the ice beast.
The ice beast is severely wounded.
You block the ice beast's attack.
You closely miss the ice beast.
The ice beast is severely wounded.
The white imp grins evilly.
The ice beast hits you. The ice beast freezes you.
* * * LOW HITPOINT WARNING * * *
Unknown command.
You slash the ice beast!
The ice beast is almost dead.
The ice beast hits you.
* * * LOW HITPOINT WARNING * * *
The ice beast freezes you!
You die...

#.# #.###### #.#
#.#...)# #.# #...<..#
#.###.#)...#
#.....######
###.#.###### #...#....##
####.###########.#.##.#.
..(..5Y@................
####?#####.......#.####(
#.#######....#. #.#
####.#. ..# #.#. ####
#.#. #.#. #.## #.##


You could see an ice beast and a white imp.

Vanquished Creatures
  Prince Ribbit (D:5)
  A centaur zombie (D:3)
  2 orc priests
  3 hounds
  A sleepcap (D:5)
  Jessica (D:2)
  4 gnolls (D:4)
  5 adders
  An adder zombie (D:3)
  An adder skeleton (D:3)
  A worm (D:2)
  3 dart slugs
  7 orcs
  3 bats
  6 endoplasms
  4 giant cockroaches
  6 goblins
  11 hobgoblins
  13 jackals
  A quokka (D:1)
  2 ball pythons
  5 frilled lizards
  6 kobolds
  8 rats
96 creatures vanquished.

Notes
Turn   | Place    | Note
-------+----------+-------------------------------------------
     0 | D:1      | Kurtz the Octopode Fighter began the quest for the Orb.
     0 | D:1      | Reached XP level 1. HP: 16/16 MP: 1/1
   115 | D:1      | Reached XP level 2. HP: 15/21 MP: 2/2
   176 | D:1      | Reached skill level 3 in Axes
   376 | D:1      | Reached XP level 3. HP: 24/26 MP: 3/3
   491 | D:2      | Noticed Jessica
   499 | D:2      | Killed Jessica
   500 | D:2      | Reached skill level 4 in Axes
   631 | D:2      | Reached XP level 4. HP: 12/31 MP: 4/4
  1146 | D:3      | Reached skill level 5 in Axes
  1146 | D:3      | Reached XP level 5. HP: 24/36 MP: 5/5
  1480 | D:3      | Found a faded altar of an unknown god.
  1736 | D:4      | Reached XP level 6. HP: 36/42 MP: 6/6
  1740 | D:4      | Reached skill level 6 in Axes
  2441 | D:4      | Found a staircase to the Ecumenical Temple.
  2461 | Temple   | Entered the Ecumenical Temple
  2532 | Temple   | Became a worshipper of Warmaster Okawaru
  2651 | D:5      | Entered Level 5 of the Dungeon
  2693 | D:5      | Noticed Prince Ribbit
  2733 | D:5      | Gained mutation: You sometimes lose your temper in combat.
                  | [potion of mutation]
  2733 | D:5      | Gained mutation: You are frail. (-10% HP) [potion of
                  | mutation]
  2733 | D:5      | Gained mutation: Your mind is acute. (Int +4, Str/Dex -1)
                  | [potion of mutation]
  2738 | D:5      | Killed Prince Ribbit
  2738 | D:5      | Reached * piety under Okawaru
  2739 | D:5      | Reached skill level 7 in Axes
  2739 | D:5      | Reached skill level 1 in Invocations
  2739 | D:5      | Reached XP level 7. HP: 18/41 MP: 7/7
  2906 | D:5      | Mangled by an ice beast

Illustrated notes

Levels and vault maps discovered:
D:1:      tarquinn_simple_flora_water_e, layout_rooms
D:2:      minmay_inner_zag, layout_basic, minmay_box_of_dots, uniq_jessica
D:3:      layout_rooms, serial_undead, serial_undead_e, serial_undead_f,
          serial_undead_c, serial_undead_a, ebering_ecumenical_altar_webs
D:4:      layout_basic, lemuel_temple_firewalk_b, st_stairs_13
D:5:      layout_basic, serial_shops, shop, uniq_prince_ribbit1
Temple:   minmay_temple_bridge_d

Skill      XL: |  1  2  3  4  5  6 |
---------------+-------------------+-----
Axes           | 3 4 5 7 |  7.3
Invocations    | 1 |  1.1
Fighting       | |  3.5
Dodging        | |  3.0
Shields        | |  3.4

Action                     |  1- 3 |  4- 6 |  7- 9 || total
---------------------------+-------+-------+-------++-------
  Melee: War axe           |    46 |   121 |    12 ||   179
         Constrict         |    11 |    34 |     1 ||    46
         Tentacles         |     9 |    31 |       ||    40
         Punch             |       |     2 |       ||     2
    Use: Potion            |       |     2 |       ||     2
   Stab: Sleeping          |     5 |     5 |       ||    10
 Armour: Skin              |    25 |    49 |     6 ||    80
  Dodge: Dodged            |    28 |    88 |     8 ||   124
  Block: Buckler           |    10 |    28 |     1 ||    39

Table legend: (Time is in decaauts)
 A = Elapsed time spent in this place.
 B = Non-inter-level travel time spent in this place.
 C = Inter-level travel time spent in this place.
 D = Time resting spent in this place.
 E = Time spent auto-exploring this place.
 F = Levels seen in this place.
 G = Mean time per level.
                   A        B        C        D        E       F      G
               +--------+--------+--------+--------+--------+-----+--------+
         Total |   2955 |   2703 |    252 |    409 |   1768 |   6 |  492.5 |
       Dungeon |   2812 |   2701 |    111 |    409 |   1768 |   5 |  562.4 |
        Temple |    142 |      1 |    141 |      0 |      0 |   1 |  142.0 |
               +--------+--------+--------+--------+--------+-----+--------+

Top non-repeatable levels by time:
     D:4: 830 daAuts
     D:2: 669 daAuts
     D:3: 588 daAuts
     D:1: 493 daAuts
     D:5: 230 daAuts
  Temple: 142 daAuts
